 Dungeon Crawl Stone Soup version 0.17-a0-913-g36eb389 (console) character file.

5267 sose the Destroyer (level 10, 0/56 HPs)
             Began as a Deep Elf Fire Elementalist on May 3, 2015.
             Was a Priest of Vehumet.
             Killed by Ozocubu's Refrigeration
             ... invoked by Fannar
              (24 damage)
             ... on level 10 of the Dungeon.
             The game lasted 00:30:17 (9073 turns).

sose the Destroyer (Deep Elf Fire Elementalist)     Turns: 9073, Time: 00:30:18

Health: 0/56       AC: 16    Str:  5    XL:     10   Next: 36%
Magic:  5/34       EV: 16    Int: 24    God:    Vehumet [***...]
Gold:   296        SH:  0    Dex: 15    Spells: 9 memorised, 3 levels left

rFire  . . .     SeeInvis .     k - +1 short sword (protect)
rCold  . . .     Clarity  .     a - +1 robe
rNeg   . . .     SustAb   .     (no shield)
rPois  .         Gourm    .     A - +2 helmet
rElec  .         Spirit   .     l - +2 cloak
rCorr  .         Warding  .     P - +0 pair of gloves
rMut   .         Stasis   .     B - +0 pair of boots
MR     +....                    J - amulet of faith
Stlth  ++........               (no ring)
                                H - ring of magical power

@: lethally poisoned (0 -> -2), somewhat resistant to hostile enchantments,
unstealthy
A: no striking features
a: Renounce Religion


You were on level 10 of the Dungeon.
You worshipped Vehumet.
Vehumet was most pleased with you.
You were not hungry.

You visited 2 branches of the dungeon, and saw 11 of its levels.

You collected 296 gold pieces.

Inventory:

Hand weapons
 k - a +1 short sword of protection (weapon)
 m - a +0 dagger
 O - a +0 blowgun
Missiles
 D - 84 poisoned needles
 R - 39 stones (quivered)
Armour
 a - a +1 robe (worn)
 l - a +2 cloak (worn)
 A - a +2 helmet (worn)
 B - a +0 pair of boots (worn)
 P - a +0 pair of gloves (worn)
Jewellery
 t - an uncursed amulet of rage
 y - a +5 ring of strength
 C - an uncursed amulet of regeneration
 H - a ring of magical power (left hand)
 J - an amulet of faith (around neck)
 V - an uncursed amulet of resist mutation {unknown}
Magical devices
 r - a wand of digging (6)
 s - a wand of digging (24)
 u - a wand of draining (6)
 w - a wand of draining (8)
 x - a wand of paralysis (11)
 G - a wand of flame (26)
 T - a wand of digging (15)
Scrolls
 e - 14 scrolls of identify
 g - a scroll of noise
 j - 2 scrolls of enchant weapon
 p - a scroll of blinking
 E - 2 scrolls of remove curse
 S - a scroll of teleportation
 U - a scroll of immolation {unknown}
 W - 2 scrolls of magic mapping
 X - a scroll of silence {unknown}
Potions
 f - 3 potions of lignification
 h - a potion of haste {unknown}
 i - a potion of heal wounds {unknown}
 n - 4 potions of might
 o - a potion of resistance
 q - 3 potions of agility
 v - 2 potions of flight {unknown}
 z - 5 potions of curing
 K - a potion of berserk rage {unknown}
 M - 2 potions of brilliance {unknown}
 N - 2 potions of cancellation {unknown}
Books
 b - a book of Flames

   Spells                             Type                      Level
   a - Flame Tongue                   Conjuration/Fire             1
   b - Throw Flame                    Conjuration/Fire             2
   c - Conjure Flame                  Conjuration/Fire             3
   d - Inner Flame                    Hexes/Fire                   3
   e - Sticky Flame                   Conjuration/Fire             4
   f - Fireball                       Conjuration/Fire             5
 F - a book of Envenomations

   Spells                             Type                      Level
   a - Spider Form                    Transmutation/Poison         3
   b - Alistair's Intoxication        Transmutation/Poison         4
   c - Olgreb's Toxic Radiance        Poison                       4
   d - Poisonous Cloud                Conjuration/Poison/Air       6
 I - a book of Death

   Spells                             Type                      Level
   a - Corpse Rot                     Necromancy                   2
   b - Sublimation of Blood           Necromancy                   2
   c - Agony                          Necromancy                   5
   d - Dispel Undead                  Necromancy                   5
   e - Excruciating Wounds            Charms/Necromancy            5
   f - Bolt of Draining               Conjuration/Necromancy       5
Comestibles
 c - 4 bread rations
 d - 3 meat rations
 L - 9 royal jellies
 Q - 2 beef jerkies
 Y - 2 chunks of flesh


   Skills:
 + Level 3.7 Fighting
 + Level 7.2 Dodging
 - Level 2.4 Stealth
 - Level 9.0 Spellcasting
 + Level 9.5 Conjurations
 - Level 4.0 Necromancy
 + Level 8.6 Fire Magic


You had 3 spell levels left.
You knew the following spells:

 Your Spells              Type           Power        Failure   Level  Hunger
a - Flame Tongue          Conj/Fire      #####        1%          1    None
b - Throw Flame           Conj/Fire      ######       1%          2    None
c - Conjure Flame         Conj/Fire      ######..     1%          3    None
d - Sticky Flame          Conj/Fire      ######..     1%          4    ##.....
e - Sting                 Conj/Pois      ####         1%          1    None
f - Fireball              Conj/Fire      ######....   1%          5    ####...
g - Mephitic Cloud        Conj/Pois/Air  ####....     1%          3    None
z - Sublimation of Blood  Necr           ####......   1%          2    None
I - Inner Flame           Hex/Fire       ####....     1%          3    None


Dungeon Overview and Level Annotations

Branches:
Dungeon (10/15)            Temple (1/1) D:7
   Lair: D:8-11         Orc: D:9-12

Altars:
Ashenzari
Cheibriados
Dithmenos
Elyvilon
Fedhas
Gozag
Kikubaaqudgha
Makhleb
Nemelex Xobeh
Okawaru
Qazlal
Ru
Sif Muna
Trog
Vehumet
Xom
Yredelemnul
Zin
The Shining One

Shops:
D:9 [

Annotations:
D:10 Fannar


Message History

Aim: Fannar, wielding a staff of cold and wearing a robe of cold resistance (heavily wounded, protected by a disc of dense vapour)
The fireball explodes!
The fireball engulfs Fannar.
Fannar is severely wounded.
Casting: Fireball
Confirm with . or Enter, or press ? or * to list all spells.
Aiming: Fireball
Press: ? - help, Shift-Dir - straight line, f/p - Fannar
Aim: Fannar, wielding a staff of cold and wearing a robe of cold resistance (severely wounded, protected by a disc of dense vapour)
The fireball explodes!
The fireball engulfs Fannar.
Fannar is almost dead.
Casting: Fireball
Confirm with . or Enter, or press ? or * to list all spells.
Aiming: Throw Flame
Press: ? - help, Shift-Dir - straight line, f/p - Fannar
Aim: Fannar, wielding a staff of cold and wearing a robe of cold resistance (almost dead, protected by a disc of dense vapour)
The puff of flame misses Fannar.
Fannar casts a spell.
Fannar drains the heat from the surrounding environment!
You feel very cold.
You die...

## #.# ##.#
##########.#####
......Y>e.@....#
###
#####.#).#####.#
#.. #.##
#.####.# #ยง
#....#.# ##
####.#.# ##...#
#...<# #.#### #.


You could see Fannar and an ice beast.

Vanquished Creatures
  Sonja (D:10)
  The ghost of Viceroy the Ducker, an experienced TrFi of Ru (D:8)
  A troll (D:9)
  Grinder (D:3)
  Sigmund (D:4)
  Eustachio (D:4)
  A hungry ghost (D:8)
  Menkaure (D:6)
  A soldier ant (D:8)
  Duvessa (D:5)
  2 orc warriors
  2 ice beasts
  A black bear (D:9)
  A spider (D:8)
  2 wasps (D:8)
  3 sky beasts
  4 ogres
  2 centaurs
  A big kobold (D:8)
  Blork the orc (D:5)
  2 giant frogs
  Dowan (D:5)
  A scorpion (D:4)
  5 electric eels (D:8)
  A goliath beetle (D:8)
  A centaur zombie (D:9)
  A giant frog zombie (D:5)
  Crazy Yiuf (D:2)
  4 orc priests
  3 hounds
  A giant frog skeleton (D:6)
  3 orc wizards
  6 worker ants
  3 iguanas
  A hound skeleton (D:8)
  7 gnolls
  8 adders
  2 shadow imps
  4 worms
  2 adder skeletons
  9 giant geckos
  20 orcs
  2 bat zombies (D:7)
  14 goblins
  15 hobgoblins
  11 jackals
  32 kobolds
  3 quokkas
  2 ball pythons
  15 bats
  6 giant cockroaches
  7 giant newts
  A giant spore (D:9)
  A quokka skeleton (D:5)
  A quokka zombie (D:7)
  10 rats
  2 ballistomycetes (D:9)
237 creatures vanquished.

Vanquished Creatures (others)
  A giant frog (D:6)
1 creature vanquished.

Grand Total: 238 creatures vanquished

Notes
Turn   | Place    | Note
--------------------------------------------------------------
     0 | D:1      | sose, the Deep Elf Fire Elementalist, began the quest for the Orb.
     0 | D:1      | Reached XP level 1. HP: 10/10 MP: 6/6
   127 | D:1      | Reached XP level 2. HP: 9/15 MP: 1/8
   198 | D:1      | Reached skill level 4 in Fire Magic
   354 | D:1      | Learned a level 2 spell: Throw Flame
   761 | D:1      | Reached XP level 3. HP: 19/19 MP: 6/9
   879 | D:1      | HP: 1/28 [poisoned by an adder]
  1121 | D:2      | Reached skill level 5 in Fire Magic
  1213 | D:2      | Reached XP level 4. HP: 24/24 MP: 4/10
  1449 | D:2      | Noticed Crazy Yiuf
  1461 | D:2      | Killed Crazy Yiuf
  1565 | D:2      | Learned a level 3 spell: Conjure Flame
  1569 | D:2      | Learned a level 3 spell: Inner Flame
  1612 | D:2      | Found a snail-covered altar of Cheibriados.
  1722 | D:3      | Noticed Grinder
  1845 | D:3      | Reached XP level 5. HP: 28/28 MP: 2/12
  1969 | D:3      | Paralysed by Grinder for 6 turns
  1990 | D:3      | Killed Grinder
  1990 | D:3      | Reached skill level 5 in Spellcasting
  1990 | D:3      | Reached XP level 6. HP: 32/32 MP: 0/15
  2078 | D:3      | Learned a level 4 spell: Sticky Flame
  2403 | D:3      | Reached skill level 5 in Conjurations
  2652 | D:4      | Noticed Eustachio
  2670 | D:4      | Killed Eustachio
  2670 | D:4      | Reached skill level 6 in Fire Magic
  2670 | D:4      | Reached XP level 7. HP: 36/36 MP: 4/16
  3062 | D:4      | Noticed Sigmund
  3076 | D:4      | Killed Sigmund
  3440 | D:5      | Entered Level 5 of the Dungeon
  3540 | D:5      | Reached skill level 7 in Fire Magic
  3636 | D:5      | Reached XP level 8. HP: 34/41 MP: 0/19
  3637 | D:5      | Noticed Blork the orc
  3637 | D:5      | Noticed Dowan
  3639 | D:5      | Noticed Duvessa
  3949 | D:5      | Killed Blork the orc
  4071 | D:5      | Killed Dowan
  4269 | D:5      | Killed Duvessa
  4269 | D:5      | Reached skill level 8 in Fire Magic
  4659 | D:6      | Found a burning altar of Makhleb.
  4659 | D:6      | Found an ancient bone altar of Kikubaaqudgha.
  4662 | D:6      | Found a shadowy altar of Dithmenos.
  4662 | D:6      | Found a bloodstained altar of Trog.
  4662 | D:6      | Found a glowing golden altar of the Shining One.
  4662 | D:6      | Found a basalt altar of Yredelemnul.
  4662 | D:6      | Found a shattered altar of Ashenzari.
  4730 | D:6      | Learned a level 2 spell: Sublimation of Blood
  4780 | D:6      | Reached skill level 1 in Necromancy
  4822 | D:6      | Found a sparkling altar of Nemelex Xobeh.
  4961 | D:6      | Noticed Menkaure
  4967 | D:6      | Killed Menkaure
  5323 | D:6      | Learned a level 5 spell: Fireball
  5449 | D:7      | Found a staircase to the Ecumenical Temple.
  5466 | Temple   | Entered the Ecumenical Temple
  5510 | Temple   | Became a worshipper of Vehumet
  5862 | D:7      | Reached XP level 9. HP: 45/45 MP: 21/21
  6203 | D:8      | Found an opulent altar of Gozag.
  6542 | D:8      | Acquired Vehumet's first power
  6542 | D:8      | Offered knowledge of Sting by Vehumet.
  6547 | D:8      | Learned a level 1 spell: Sting
  6647 | D:8      | Reached skill level 1 in Fighting
  6810 | D:8      | Reached skill level 5 in Dodging
  7441 | D:8      | Found a deep blue altar of Sif Muna.
  7703 | D:8      | Noticed Viceroy's ghost (experienced TrFi)
  7706 | D:8      | Offered knowledge of Freeze by Vehumet.
  7710 | D:8      | Killed Viceroy's ghost
  7710 | D:8      | Reached skill level 9 in Conjurations
  8231 | D:9      | Reached XP level 10. HP: 56/56 MP: 25/25
  8707 | D:9      | Offered knowledge of Mephitic Cloud by Vehumet.
  8737 | D:9      | Found Dufih's Armour Emporium.
  8743 | D:9      | Learned a level 3 spell: Mephitic Cloud
  8810 | D:9      | Found a snail-covered altar of Cheibriados.
  8834 | D:9      | Found an iron altar of Okawaru.
  8913 | D:9      | Acquired Vehumet's second power
  9041 | D:10     | Entered Level 10 of the Dungeon
  9054 | D:10     | Noticed Sonja
  9062 | D:10     | Killed Sonja
  9068 | D:10     | Noticed Fannar
  9073 | D:10     | Killed from afar by Fannar

Action                   |  1- 3 |  4- 6 |  7- 9 | 10-12 || total
-------------------------+-------+-------+-------+-------++-------
Melee: Unarmed           |     6 |       |       |       ||     6
       Short sword       |     3 |    12 |    56 |   145 ||   216
       Dagger            |     1 |       |       |       ||     1
 Cast: Flame Tongue      |    64 |    98 |   188 |     6 ||   356
       Throw Flame       |     2 |     1 |    64 |    35 ||   102
       Sticky Flame      |       |     1 |    18 |     2 ||    21
       Inner Flame       |       |       |     6 |     1 ||     7
       Conjure Flame     |       |       |     6 |     1 ||     7
       Fireball          |       |       |     4 |     4 ||     8
       Sublimation of Bl |       |       |     1 |       ||     1
       Sting             |       |       |       |    39 ||    39
       Mephitic Cloud    |       |       |       |     1 ||     1
  Use: Potion            |     4 |       |     1 |       ||     5
       Scroll            |       |     8 |     4 |       ||    12
 Stab: Sleeping          |       |     1 |     2 |       ||     3
  Eat: Chunk             |     1 |     4 |    13 |     1 ||    19
       Fruit             |       |       |     3 |       ||     3
       Beef jerky        |       |       |     1 |     1 ||     2
       Bread ration      |       |       |     1 |       ||     1
